 Dungeon Crawl Stone Soup version 0.22-a0-254-gaf95ca0 (webtiles) character file.

43 reaverb the Firebug (level 3, 0/27 HPs)
             Began as a Demigod Fire Elementalist on Mar 4, 2018.
             Slain by an adder (4 damage)
             ... on level 1 of the Dungeon on Mar 5, 2018.
             The game lasted 00:02:33 (985 turns).

reaverb the Firebug (Demigod Fire Elementalist)      Turns: 985, Time: 00:02:33

Health: 0/27       AC:  3    Str: 11    XL:     3   Next: 20%
Magic:  3/8        EV: 12    Int: 21    God:
Gold:   22         SH:  0    Dex: 16    Spells: 4/5 levels left

rFire    . . .     SeeInvis .   d - +1 short sword (drain)
rCold    . . .     Gourm    .   (no shield)
rNeg     . . .     Faith    .   a - +0 robe
rPois    .         Spirit   .   k - +0 helmet
rElec    .         Reflect  .   (no cloak)
rCorr    .         Harm     .   (no gloves)
MR       .....                  (no boots)
Stlth    ++........             (no amulet)
HPRegen  0.09/turn              (no ring)
MPRegen  0.11/turn              (no ring)

@: lethally poisoned (0 -> -4)
A: high mp 1
a: no special abilities


You were on level 1 of the Dungeon.
You were hungry.

You visited 1 branch of the dungeon, and saw 2 of its levels.

You collected 22 gold pieces.

Notes
Turn   | Place    | Note
-------+----------+-------------------------------------------
     0 | D:1      | reaverb the Demigod Fire Elementalist began the quest for the Orb.
     0 | D:1      | Reached XP level 1. HP: 14/14 MP: 5/5
   303 | D:1      | Reached skill level 1 in Short Blades
   468 | D:1      | Reached XP level 2. HP: 22/22 MP: 5/7
   788 | D:2      | Found a sparkling altar of Nemelex Xobeh.
   801 | D:2      | Noticed Jessica
   816 | D:1      | Huge Dmg: 7 Dmg
   830 | D:1      | Reached XP level 3. HP: 20/27 MP: 0/8
   980 | D:1      | Huge Dmg: 5 Dmg
   985 | D:1      | Slain by an adder

Inventory:

Hand Weapons
 d - a +1 short sword of draining (weapon)
Armour
 a - a +0 robe (worn)
 k - a +0 helmet (worn)
 l - a +1 ring mail of poison resistance
Scrolls
 e - a scroll of remove curse
 h - 2 scrolls of identify
Potions
 b - a potion of lignification {unknown}
 g - a potion of haste {unknown}
 j - a potion of mutation {unknown}
Comestibles
 c - a ration
 f - 3 chunks of flesh

Table legend:
 A = Turns spent in this place as a percentage of turns spent in the entire game.
 B = Non-inter-level travel turns spent in this place as a percentage of non-inter-level travel turns spent in the entire game.
 C = Inter-level travel turns spent in this place as a percentage of turns spent in this place.
 D = Turns resting spent in this place as a percentage of non-inter-level travel turns spent in this place.
 E = Turns spent auto-exploring this place as a percentage of non-inter-level travel turns spent in this place.
 F = Non-inter-level travel turns spent in this place divided by the number of levels of this place that you've seen.
                   A       B       C       D       E      F
               +-------+-------+-------+-------+-------+----------------------
         Total | 100.0 | 100.0 |   3.5 |  22.3 |  52.7 | 475.5
       Dungeon | 100.0 | 100.0 |   3.5 |  22.3 |  52.7 | 475.5
               +-------+-------+-------+-------+-------+----------------------


   Skills:
 - Level 0.5 Fighting
 + Level 2.6 Short Blades
 - Level 1.7 Dodging
 - Level 1.7 Stealth
 - Level 1.7 Spellcasting
 - Level 0.8 Conjurations
 - Level 2.6 Fire Magic


You had 4 spell levels left.
You knew the following spells:

 Your Spells              Type           Power        Failure   Level  Hunger
a - Flame Tongue          Conj/Fire      #....        8%          1    #......


Dungeon Overview and Level Annotations

Branches:
Dungeon (2/15)

Annotations:
D:2 Jessica


Innate Abilities, Weirdness & Mutations

You have an increased reservoir of magic. (+10% MP)


Message History

Press: ? - help, Shift-Dir - straight line, f - goblin
Aim: a goblin The flame tongue hits the goblin.
The goblin is heavily wounded.
An adder comes into view.
Casting: Flame Tongue (safe; 8% risk of failure)
Confirm with . or Enter, or press ? or * to list all spells.
Aiming: Flame Tongue (safe; 8% risk of failure)
Press: ? - help, Shift-Dir - straight line, f/p - goblin
Aim: a goblin (heavily wounded)
The flame tongue hits the goblin.
You kill the goblin!
The adder hisses angrily.
There is a stone staircase leading up here.
You climb upwards.
There is a stone staircase leading down here.
You start resting.
Magic restored.
You climb downwards.
Level annotation: Jessica The adder bites you but does no damage.
The hobgoblin hits you with a club. The adder bites you.
There is a stone staircase leading up, spattered with blood here.
Damage: -18%(-5hp) hp: 82%(22hp)
The hobgoblin hits you with a club. The adder closely misses you.
You climb upwards.
There is a stone staircase leading down here.
Damage: -4%(-1hp) hp: 78%(21hp) Unknown command.
Unknown command.
The adder bites you but does no damage. The hobgoblin closely misses you.
The adder bites you.
Damage: -7%(-2hp) hp: 71%(19hp)
Casting: Flame Tongue (safe; 8% risk of failure)
Confirm with . or Enter, or press ? or * to list all spells.
Aiming: Flame Tongue (safe; 8% risk of failure)
Press: ? - help, Shift-Dir - straight line, f - adder
Aim: an adder The flame tongue hits the adder.
The adder is moderately wounded.
The adder bites you. The adder misses you.
Damage: -12%(-3hp) hp: 63%(17hp)
Casting: Flame Tongue (safe; 8% risk of failure)
Confirm with . or Enter, or press ? or * to list all spells.
Aiming: Flame Tongue (safe; 8% risk of failure)
Press: ? - help, Shift-Dir - straight line, f/p - adder
Aim: an adder (moderately wounded)
The flame tongue misses the adder.
You are feeling hungry.
The adder bites you.
* * * LOW HITPOINT WARNING * * *
Huge Dmg: -18%(-5hp) hp: 45%(12hp)
You barely miss the adder.
The adder is moderately wounded.
The adder bites you.
* * * LOW HITPOINT WARNING * * *
You are poisoned.
The adder poisons you!
Damage: -7%(-2hp) hp: 38%(10hp)
You miss the adder.
The adder is moderately wounded.
You feel sick. The adder bites you.
* * * LOW HITPOINT WARNING * * *
You are lethally poisoned!
The adder poisons you! The adder closely misses you.
Damage: -8%(-2hp) hp: 30%(8hp) Unknown command.
Casting: Flame Tongue (safe; 8% risk of failure)
Confirm with . or Enter, or press ? or * to list all spells.
Aiming: Flame Tongue (safe; 8% risk of failure)
Press: ? - help, Shift-Dir - straight line, f/p - adder
Aim: an adder (moderately wounded)
The flame tongue misses the adder.
* * * LOW HITPOINT WARNING * * *
You feel sick. The adder barely misses you.
Damage: -4%(-1hp) hp: 26%(7hp)
You feel better. The adder bites you.
* * * LOW HITPOINT WARNING * * *
You are poisoned.
The adder poisons you!
Casting: Flame Tongue (safe; 8% risk of failure)
Confirm with . or Enter, or press ? or * to list all spells.
Aiming: Flame Tongue (safe; 8% risk of failure)
Press: ? - help, Shift-Dir - straight line, f/p - adder
Aim: an adder (moderately wounded)
The flame tongue hits the adder.
The adder is moderately wounded.
You feel sick. The adder closely misses you.
Damage: -3%(-1hp) hp: 38%(10hp)
Casting: Flame Tongue (safe; 8% risk of failure)
Confirm with . or Enter, or press ? or * to list all spells.
Aiming: Flame Tongue (safe; 8% risk of failure)
Press: ? - help, Shift-Dir - straight line, f/p - adder
Aim: an adder (moderately wounded)
The flame tongue hits the adder.
The adder is heavily wounded.
You feel sick. The adder bites you.
* * * LOW HITPOINT WARNING * * *
The adder bites you.
You die...

#.###....#..#.#
#..........#.#
#.#.+..>.#..#.#
##...#######.#
#.#.#....####.# #.#.#
#.# #.#.#.........#
#.#.# #.#
#.#.......##### #...#
#)# #.#.......# #...#
#.# #.##......# #..>#
#.# #..+......#
#####.#^# #.#
####......# #..@S.#.#
#.# ..##......##
#.#####.# #.#
#.##.......# #.# #.#
#.# #.##.......# #.#
#.# #.# ......####.#
#.# #.# #.# #.###.#
#.# #.#####.# #.#
#.....# #.# #.......#
#.# #######
#.########### #.#
#..)......#########.#


You could see an adder.

Table legend:
 A = Kills in this place as a percentage of kills in entire the game.
 B = Kills by you in this place as a percentage of kills by you in the entire game.
 C = Kills by friends in this place as a percentage of kills by friends in the entire game.
 D = Other kills in this place as a percentage of other kills in the entire game.
 E = Experience gained in this place as a percentage of experience gained in the entire game.
 F = Experience gained in this place divided by the number of levels of this place that you have seen.
                   A       B       C       D       E      F
               +-------+-------+-------+-------+-------+----------------------
         Total | 100.0 | 100.0 |   N/A |   N/A | 100.0 |  31.0
       Dungeon | 100.0 | 100.0 |   N/A |   N/A | 100.0 |  31.0
               +-------+-------+-------+-------+-------+----------------------

Vanquished Creatures
  An orc wizard (D:1)
  A dart slug (D:1)
  A ball python (D:1)
  5 goblins
  A hobgoblin (D:1)
  3 bats (D:1)
  2 frilled lizards (D:1)
  A kobold (D:1)
  2 rats
17 creatures vanquished.

Action                   || total
-------------------------++-------
Melee: Short sword       ||    16
 Cast: Flame Tongue      ||    26
  Use: Potion            ||     2
       Scroll            ||     1
 Stab: Sleeping          ||     1
Armor: Robe              ||    15
Dodge: Dodged            ||    35
